 Dungeon Crawl Stone Soup version 0.28.0-62-gf88900778d (webtiles) character file.

Game seed: 13219098898677216496

13080 cbfl8 the Cleaver (level 11, -15/97 HPs)
             Began as a Minotaur Berserker on June 30, 2023.
             Was a High Priest of Trog.
             Demolished by a titanic slime creature (80 damage)
             ... on level 12 of the Dungeon.
             The game lasted 00:11:04 (13639 turns).

cbfl8 the Cleaver (Minotaur Berserker)             Turns: 13639, Time: 00:11:04

Health: -15/97     AC: 18    Str: 22    XL:     11   Next: 70%
Magic:  10/10      EV: 10    Int:  4    God:    Trog [*****.]
Gold:   502        SH:  0    Dex: 14    Spells: 10/10 levels left

rFire   + + .      SeeInvis .   a - +0 hand axe
rCold   . . .      Faith    .   (no shield)
rNeg    . . .      Spirit   .   j - +0 chain mail
rPois   .          Reflect  .   s - +2 hat
rElec   .          Harm     .   q - scarf {rC+ rF+}
rCorr   .          Rampage  .   (no gloves)
Will    .....                   (no boots)
Stlth   ..........              m - amulet of regeneration
HPRegen 1.06/turn               d - ring of fire
MPRegen 0.12/turn               f - +4 ring of protection

@: marked, on berserk cooldown, slowed, very slow
A: horns 2, retaliatory headbutt
a: Renounce Religion, Berserk, Trog's Hand, Brothers in Arms


You were on level 12 of the Dungeon.
You worshipped Trog.
Trog was extremely pleased with you.
You visited 1 branch of the dungeon, and saw 12 of its levels.

You collected 502 gold pieces.

Inventory:

Hand Weapons
 a - a +0 hand axe (weapon)
Armour
 j - a +0 chain mail (worn)
 q - a scarf of resistance (worn)
 s - a +2 hat (worn)
Jewellery
 d - a ring of fire (left hand)
 f - a +4 ring of protection (right hand)
 m - an amulet of regeneration (around neck)
Wands
 p - a wand of flame (37)
 u - a wand of polymorph (8)
 w - a wand of digging (2)
 z - a wand of iceblast (3)
 A - a wand of mindburst (6) (quivered)
Scrolls
 e - 4 scrolls of noise
 k - a scroll of enchant armour
 n - 2 scrolls of enchant weapon
 r - a scroll of summoning
 x - a scroll of blinking
 y - 4 scrolls of teleportation
 C - a scroll of identify
 D - a scroll of silence
 E - a scroll of fear
Potions
 b - 3 potions of berserk rage
 c - 4 potions of heal wounds
 g - 2 potions of haste {unknown}
 h - 5 potions of curing
 i - 5 potions of might
 l - a potion of brilliance {unknown}
 o - 3 potions of degeneration {unknown}
 t - 2 potions of attraction {unknown}
 v - 2 potions of mutation {unknown}
 B - 2 potions of flight {unknown}
 F - 2 potions of cancellation {unknown}


   Skills:
 + Level 9.4 Fighting
 + Level 13.2 Axes
 + Level 11.9 Armour
 + Level 4.8 Dodging
 + Level 1.6 Stealth
 * Level 8.1 Evocations


You had 10 spell levels left.
You didn't know any spells.
Your spell library was empty.

Dungeon Overview and Level Annotations

Branches:
Dungeon (11/15)            Temple (0/1) D:5            Lair (0/6) D:8
    Orc (0/2) D:9

Altars:
Cheibriados
Gozag
Qazlal
Vehumet
Wu Jian
Xom
The Shining One

Annotations:
D:10 1 runed translucent door, cbfl8's ghost, novice MiBe
D:12 Gastronok


Innate Abilities, Weirdness & Mutations

You have a pair of horns on your head.
You reflexively headbutt those who attack you in melee.


Message History

You slash the very large slime creature!
The slime creature hits you but does no damage.
Unknown command.
You slash the slime creature!
The slime creature is heavily wounded.
You slash the very large slime creature!
Unknown command.
You hit the slime creature.
The slime creature is severely wounded.
You slash the very large slime creature!
The very large slime creature hits you!!!
Two slime creatures merge to form an enormous slime creature.
The slime creature hits you but does no damage.
You are too injured to fight recklessly!
Unknown command.
Unknown command.
You are too injured to fight recklessly!
Unknown command.
You are too injured to fight recklessly!
Unknown command.
You are too injured to fight recklessly!
You feel a strong urge to attack something.
You feel your anger nearly subside.
You are no longer berserk.
You are exhausted.
You feel yourself slow down.
The slime creature sets off the alarm!
The alarm trap emits a blaring wail!
A sentinel's mark forms upon you.
The slime creature hits you but does no damage.
You hear an angry squeal. x2; You hear a shout!
You hear an angry squeal. x2
You hear a shout! x2; You hear two shouts!
The slime creature closely misses you. You furiously retaliate!
You headbutt the slime creature!
Gastronok makes a strange noise.
An enormous slime creature splits.
Two slime creatures merge to form a very large slime creature.
Two slime creatures merge to form a titanic slime creature.
You open the door. The titanic slime creature hits you!!!!
Ouch! That really hurt!
You die...

##..# ##.......## ##.## .#
####...####.........####...##.#
..........'.........'.......#.#
#....##.#.........####...##.##
#.#[.##.##.......## ##.##...#
#.......###.....## #......#
###.##### ##...## #.##...# #.#
##'## #.###### #)# #@# #(# #.#
######J####### #.# #.#
#.....T......# #.# #.#
#.###........# #.#
#.####.##.....##..###.#
#.....................#
######.###.w..##..##### #.#
##.......# #.####...###.#


You could see Gastronok (swift), a titanic slime creature and a troll.

Vanquished Creatures
  A quicksilver ooze (D:8)
  Josephine (D:11)
  Harold (D:8)
  A two-headed ogre (D:12)
  Nergalle (D:11)
  The ghost of cbfl8 the Cleaver, a novice MiFi of Yredelemnul (D:7)
  2 manticores (D:11)
  A salamander (shapeshifter) (D:11)
  An efreet (D:8)
  Psyche (D:8)
  Prince Ribbit (D:5)
  Sigmund (D:3)
  A wyvern (D:8)
  6 wraiths
  3 yaks (D:10)
  7 vampire mosquitoes (D:10)
  An acid dragon (D:10)
  A sky beast (D:7)
  A hornet zombie (D:8)
  5 orc warriors
  A necrophage (D:3)
  3 black bears
  An ogre (D:5)
  3 centaurs
  2 kobold brigands
  5 bullfrogs
  6 scorpions
  2 water moccasin zombies (D:5)
  A wyvern skeleton (D:7)
  2 water moccasin skeletons (D:5)
  4 killer bees (D:9)
  8 wights (D:9)
  4 howler monkeys
  2 jellies
  A bullfrog zombie (D:6)
  5 hounds
  4 orc priests
  2 bullfrog skeletons
  4 centaur zombies
  A gnoll shaman (D:5)
  Terence (D:3)
  Natasha (thrice) (D:2)
  12 orc wizards
  A hound zombie (D:5)
  A howler monkey zombie (D:5)
  Robin (D:4)
  10 adders
  8 gnolls
  A shadow imp (D:6)
  A white imp (D:6)
  An ufetubus (D:6)
  3 worms
  A dart slug (D:2)
  34 orcs
  5 ball pythons
  9 endoplasms
  18 goblins
  10 hobgoblins
  2 jackals (D:4)
  7 quokkas
  6 bats
  4 frilled lizards
  15 kobolds
  21 rats
274 creatures vanquished.

Vanquished Creatures (others)
  An orc (D:8)
  2 plants (D:10)
3 creatures vanquished.

Grand Total: 277 creatures vanquished

Notes
Turn   | Place    | Note
-------+----------+-------------------------------------------
     0 | D:1      | cbfl8 the Minotaur Berserker began the quest for the Orb.
     0 | D:1      | Reached XP level 1. HP: 19/19 MP: 0/0
   302 | D:1      | Reached XP level 2. HP: 27/27 MP: 1/1
   510 | D:1      | Reached skill level 4 in Axes
  1370 | D:2      | Found a faded altar of an unknown god.
  1509 | D:2      | Reached XP level 3. HP: 16/33 MP: 2/2
  1893 | D:2      | Noticed Natasha
  1899 | D:2      | Killed Natasha
  1902 | D:2      | Reached ** piety under Trog
  2230 | D:2      | Reached XP level 4. HP: 41/41 MP: 3/3
  2349 | D:2      | Reached skill level 1 in Evocations
  2442 | D:2      | Noticed Natasha
  2446 | D:2      | Killed Natasha
  2447 | D:2      | Reached skill level 5 in Axes
  2603 | D:2      | Noticed Natasha
  2608 | D:2      | Killed Natasha
  2609 | D:2      | Reached XP level 5. HP: 28/47 MP: 4/4
  3131 | D:3      | Noticed Sigmund
  3781 | D:3      | Killed Sigmund
  3782 | D:3      | Reached skill level 6 in Axes
  3782 | D:3      | Reached XP level 6. HP: 55/55 MP: 5/5
  4031 | D:3      | Reached skill level 5 in Fighting
  4302 | D:3      | Noticed Terence
  4318 | D:3      | Killed Terence
  4907 | D:4      | Reached XP level 7. HP: 61/61 MP: 6/6
  5078 | D:4      | Reached *** piety under Trog
  5189 | D:4      | Noticed Robin
  5198 | D:4      | Reached skill level 7 in Axes
  5202 | D:4      | Killed Robin
  5206 | D:4      | Reached skill level 5 in Armour
  5373 | D:4      | Reached skill level 1 in Stealth
  5819 | D:5      | Entered Level 5 of the Dungeon
  5881 | D:5      | Found a staircase to the Ecumenical Temple.
  5928 | D:5      | Reached XP level 8. HP: 57/69 MP: 7/7
  6082 | D:5      | Reached **** piety under Trog
  6411 | D:5      | Reached skill level 8 in Axes
  6852 | D:5      | Noticed Prince Ribbit
  6867 | D:5      | Killed Prince Ribbit
  6868 | D:5      | Reached skill level 9 in Axes
  7596 | D:6      | Reached XP level 9. HP: 68/75 MP: 8/8
  7801 | D:6      | Found a snail-covered altar of Cheibriados.
  7808 | D:6      | Found a stormy altar of Qazlal.
  7809 | D:6      | Found an opulent altar of Gozag.
  7810 | D:6      | Found a glowing golden altar of the Shining One.
  7812 | D:6      | Found a shimmering altar of Xom.
  8407 | D:7      | Found a radiant altar of Vehumet.
  8437 | D:7      | Reached skill level 5 in Evocations
  8465 | D:7      | Found a runed translucent door.
  8465 | D:7      | Noticed cbfl8's ghost (novice MiFi)
  8493 | D:7      | Reached skill level 10 in Axes
  8654 | D:7      | Found an ornate altar of the Wu Jian Council.
  8756 | D:7      | Killed cbfl8's ghost
  8826 | D:8      | Noticed an efreet
  8979 | D:8      | Found a staircase to the Lair.
  9002 | D:8      | Noticed a four-headed hydra
  9038 | D:8      | Killed an efreet
  9039 | D:8      | Reached skill level 11 in Axes
  9128 | D:8      | Noticed Harold
  9146 | D:8      | Killed Harold
  9147 | D:8      | Reached XP level 10. HP: 86/86 MP: 9/9
  9653 | D:8      | Noticed a quicksilver ooze
  9653 | D:8      | a four-headed hydra changed into a quicksilver ooze
  9658 | D:8      | Killed a quicksilver ooze
  9772 | D:8      | Noticed Psyche
 10035 | D:8      | Killed Psyche
 10406 | D:9      | Found a staircase to the Orcish Mines.
 10451 | D:9      | Reached skill level 10 in Armour
 10519 | D:9      | Identified the +9 arbalest of Tuugodym {speed, rC+ Stlth+}
 10539 | D:9      | Reached ***** piety under Trog
 10888 | D:9      | Reached skill level 12 in Axes
 11376 | D:10     | Entered Level 10 of the Dungeon
 11403 | D:10     | HP: 6/132 [centaur warrior zombie (4)]
 11406 | D:10     | Reached XP level 11. HP: 8/94 MP: 10/10
 11886 | D:10     | Noticed cbfl8's ghost (novice MiBe)
 11903 | D:10     | Found a runed translucent door.
 13111 | D:11     | Noticed Nergalle
 13130 | D:11     | Killed Nergalle
 13374 | D:11     | Noticed Josephine
 13384 | D:11     | Killed Josephine
 13385 | D:11     | Reached skill level 13 in Axes
 13500 | D:11     | You fall into a shaft and drop 1 floor!
 13535 | D:12     | Noticed a two-headed ogre
 13547 | D:12     | Killed a two-headed ogre
 13616 | D:12     | Noticed Gastronok
 13639 | D:12     | Demolished by a titanic slime creature

Illustrated notes

Levels and vault maps discovered:
D:1:      kennysheep_arrival_forest, layout_basic, chequers_avenue,
          minmay_pentomino_v2
D:2:      layout_rooms, nicolae_ecumenical_pavilion, minmay_rat_hole,
          uniq_natasha
D:3:      layout_basic, serial_glass, glass_columns_a, glass_columns_a,
          st_stairs_1, uniq_terence, uniq_sigmund
D:4:      layout_loops_corners, wad_rectangle_vault, uniq_robin
D:5:      layout_loops_corners, temple_pool_b,
          minmay_fractal_squares_diagonal_5, uniq_prince_ribbit1
D:6:      layout_loops_cross, minitemple, amcnicky_mini_pool_small,
          minmay_misc_feat_cross, hangedman_decor_clover_reticule
D:7:      layout_basic, mainiacjoe_overflow_tiny_flanked, vehumet_altar_wand_db,
          gammafunk_ghost_grave
D:8:      layout_rooms, lair_entry_dummy, uniq_psyche, uniq_harold
D:9:      layout_loops_ring, orc_0_dummy
D:10:     layout_loops_ring, hellmonk_ghost_big_iron
D:11:     kennysheep_big_flooded_room, layout_gridville, minmay_microvault,
          uniq_nergalle, uniq_josephine
D:12:     layout_loops_corners, serial_shops, shop, uniq_gastronok, uniq_kirke

Skill      XL: |  1  2  3  4  5  6  7  8  9 10 11 |
---------------+----------------------------------+-----
Fighting       | 4 5 6 7 8 9 |  9.4
Axes           | 4 5 6 7 9 11 12 13 | 13.2
Evocations     | 1 2 3 4 5 7 8 |  8.1
Armour         | 3 4 5 7 9 10 11 | 11.9
Dodging        | 3 4 |  4.8
Stealth        | 1 |  1.6

Action                   |  1- 3 |  4- 6 |  7- 9 | 10-12 || total
-------------------------+-------+-------+-------+-------++-------
Melee: Hand axe          |    58 |   107 |   287 |   439 ||   891
       Headbutt          |     8 |    16 |    73 |    90 ||   187
       Punch             |       |       |     4 |    12 ||    16
Invok: Berserk           |       |     3 |     4 |     8 ||    15
Evoke: Wand              |       |       |    15 |     2 ||    17
  Use: Scroll            |     1 |     3 |     7 |     5 ||    16
 Stab: Sleeping          |     1 |       |       |       ||     1
Armor: Animal skin       |     6 |       |       |       ||     6
       Ring mail         |     1 |    29 |       |       ||    30
       Chain mail        |       |     3 |   193 |   255 ||   451
Dodge: Dodged            |    32 |    49 |   146 |   197 ||   424
